 Dungeon Crawl Stone Soup version 0.28-a0-779-g3d1f99b579 (webtiles) character file.

Game seed: 16080448520432454237

37 demibob the Ruffian (level 3, 0/31 HPs)
             Began as a Ghoul Monk on Nov 3, 2021.
             Slain by an orc wizard (1 damage)
             ... on level 2 of the Dungeon.
             The game lasted 00:02:16 (1482 turns).

demibob the Ruffian (Ghoul Monk)                    Turns: 1482, Time: 00:02:16

Health: 0/31       AC:  2    Str: 12 (14) XL:     3   Next: 39%
Magic:  2/2        EV: 12    Int:  2 (5)  God:
Gold:   33         SH:  0    Dex: 10 (12) Spells: 2/2 levels left

rFire   . . .      SeeInvis .     - Unarmed
rCold   + . .      Faith    .   (no shield)
rNeg    + + +      Spirit   .   a - +0 robe
rPois   ∞          Reflect  .   (no helmet)
rElec   .          Harm     .   (no cloak)
rCorr   .          Rampage  .   (no gloves)
Will    .....                   (no boots)
Stlth   ++........              (no amulet)
HPRegen 0.00/turn               (no ring)
MPRegen 0.08/turn               (no ring)

@: inhibited regen
A: claws 1, cold resistance 1, negative energy resistance 3, inhibited
regeneration, torment resistance 2
a: no special abilities


You were on level 2 of the Dungeon.
You visited 1 branch of the dungeon, and saw 2 of its levels.

You collected 33 gold pieces.


Innate Abilities, Weirdness & Mutations

You thrive by killing the living.
You are immune to poison.
You have sharp fingernails.
Your flesh is cold resistant. (rC+)
You are immune to negative energy. (rN+++)
You do not regenerate when monsters are visible.
You are immune to unholy pain and torment.


   Skills:
 - Level 3.2 Fighting
 - Level 2.6 Dodging
 - Level 2.1 Stealth
 + Level 4.8 Unarmed Combat


You had 2 spell levels left.
You didn't know any spells.
Your spell library was empty.

Inventory:

Missiles
 f - 3 javelins (quivered)
Armour
 a - a +0 robe (worn)
Scrolls
 c - 3 scrolls of identify {@r1}
 e - 3 scrolls of enchant weapon
Potions
 d - a potion of degeneration

Dungeon Overview and Level Annotations

Branches:
Dungeon (2/15)

Altars:

#### ##########...#..
#...o............ #####
#..#####{#.###.. .<... #..
#@#... .# ####### #..# #o#..##.
...... ######..######...#.###
#.### ......................#
#....
......#...............#####..##
.............................#
......................#####..#
.............###..##..# ...#
..................##..## ....#


You could see an orc priest.


Message History

You scratch the orc priest.
The orc priest is heavily wounded.
The orc priest closely misses you.
You scratch the orc priest but do no damage.
The orc priest is heavily wounded.
The orc wizard casts a spell.
The orc wizard flickers and vanishes!
Deactivating autopickup; reactivate with Ctrl-A.
The orc priest hits you with a +0 flail!
* * * LOW HITPOINT WARNING * * *
As you read the scroll labelled NYP JODOTERCHAU, it crumbles to dust.
You speak a Word of immense power!
You are blasted by holy energy!
* * * LOW HITPOINT WARNING * * *
It was a scroll of holy word.
Something hits you but does no damage. The orc priest closely misses you.
The orc priest shouts!
You scratch the orc priest.
The orc priest is severely wounded.
You hear a shout!
The orc priest barely misses you. Something hits you.
* * * LOW HITPOINT WARNING * * *
You hear an angry hiss.
You closely miss the orc priest.
The orc priest is severely wounded.
Something hits you but does no damage. The orc priest barely misses you.
You scratch the orc priest.
The orc priest is almost dead.
Something hits you.
You die...

Skill      XL: |  1  2 |
---------------+-------+-----
Unarmed Combat | 4 |  4.8
Fighting       | |  3.2
Dodging        | |  2.6
Stealth        | |  2.1

Action                   || total
-------------------------++-------
Melee: Unarmed           ||    76
       Punch             ||     1
  Use: Scroll            ||     3
       Potion            ||     2
 Stab: Sleeping          ||     2
Armor: Robe              ||     9
Dodge: Dodged            ||    50

Levels and vault maps discovered:
D:1:      dpeg_arrival_rooms_b, layout_basic, serial_corexii_hall,
          corexii_hall_statues_x, corexii_hall_statues_l,
          ebering_ecumenical_altar_hall
D:2:      layout_loops_ring, serial_shops, nicolae_shop_statue_plus,
          minmay_unequal, uniq_terence

Notes
Turn   | Place    | Note
-------+----------+-------------------------------------------
     0 | D:1      | demibob the Ghoul Monk began the quest for the Orb.
     0 | D:1      | Reached XP level 1. HP: 19/19 MP: 0/0
   168 | D:1      | Found a faded altar of an unknown god.
   318 | D:1      | Reached XP level 2. HP: 20/26 MP: 1/1
   400 | D:1      | Reached skill level 4 in Unarmed Combat
  1000 | D:2      | Reached XP level 3. HP: 14/31 MP: 2/2
  1295 | D:2      | HP: 3/31 [orc (2)]
  1480 | D:2      | HP: 1/31 [something (3)]
  1482 | D:2      | Slain by an orc wizard

Vanquished Creatures
  An adder (D:2)
  2 dart slugs (D:1)
  A ball python (D:2)
  A bat (D:2)
  3 endoplasms
  2 giant cockroaches (D:1)
  A goblin (D:1)
  4 hobgoblins
  A quokka (D:1)
  2 kobolds (D:1)
  3 rats
21 creatures vanquished.

Table legend: (Time is in decaauts)
 A = Elapsed time spent in this place.
 B = Non-inter-level travel time spent in this place.
 C = Inter-level travel time spent in this place.
 D = Time resting spent in this place.
 E = Time spent auto-exploring this place.
 F = Levels seen in this place.
 G = Mean time per level.
                   A        B        C        D        E       F      G
               +--------+--------+--------+--------+--------+-----+--------+
         Total |   1477 |   1422 |     55 |    329 |    904 |   2 |  738.5 |
       Dungeon |   1477 |   1422 |     55 |    329 |    904 |   2 |  738.5 |
               +--------+--------+--------+--------+--------+-----+--------+

Top non-repeatable levels by time:
     D:1: 1130 daAuts
     D:2: 347 daAuts

Table legend:
 A = Non-vault XP
 B = Vault XP
 C = Vault XP percentage of total XP
 D = Non-vault monster count
 E = Vault monster count
 F = Vault count percentage of total count
                 A         B        C        D         E       F
            +---------+---------+-------+---------+---------+-------
      Total |      53 |       0 |   0.0 |      21 |       0 |   0.0
            +---------+---------+-------+---------+---------+-------
        D:1 |      26 |       0 |   0.0 |      12 |       0 |   0.0
        D:2 |      27 |       0 |   0.0 |       9 |       0 |   0.0
            +---------+---------+-------+---------+---------+-------
